 Dungeon Crawl Stone Soup version 0.17.0 (webtiles) character file.

73 Eucla the Gusty (level 4, -4/26 HPs)
             Began as a Tengu Air Elementalist on Nov 15, 2015.
             Was an Initiate of Okawaru.
             Slain by a centaur zombie (5 damage)
             ... on level 3 of the Dungeon.
             The game lasted 00:03:02 (1922 turns).

Eucla the Gusty (Tengu Air Elementalist)            Turns: 1922, Time: 00:03:02

Health: -4/26      AC:  3    Str:  8    XL:     4   Next: 27%
Magic:  4/9        EV: 12    Int: 16    God:    Okawaru [......]
Gold:   99         SH:  0    Dex: 15    Spells: 1 memorised, 7 levels left

rFire  . . .     SeeInvis .     e - +0 falchion
rCold  . . .     Clarity  .     a - +0 robe
rNeg   . . .     SustAt   .     (no shield)
rPois  .         Gourm    .     (helmet restricted)
rElec  .         Spirit   .     g - +0 cloak
rCorr  .         Warding  .     (no gloves)
rMut   +         Stasis   .     (boots unavailable)
MR     .....                    l - amulet of resist mutation
Stlth  ++........               (no ring)
                                (no ring)

@: lethally poisoned (-4 -> -16), very slightly contaminated, not resistant to
hostile enchantments, unstealthy
A: beak, talons 3
a: Renounce Religion


You were on level 3 of the Dungeon.
You worshipped Okawaru.
Okawaru was noncommittal.
You were very hungry.

You visited 1 branch of the dungeon, and saw 3 of its levels.

You collected 99 gold pieces.

Inventory:

Hand Weapons
 d - a +0 short sword
 e - a +0 falchion (weapon)
Armour
 a - a +0 robe (worn)
 g - a +0 cloak (worn)
Jewellery
 l - an amulet of resist mutation (around neck)
 n - an uncursed amulet of guardian spirit
Scrolls
 f - a scroll of enchant armour {unknown}
 h - a scroll of immolation {unknown}
 j - a scroll of teleportation {unknown}
 k - 4 scrolls of remove curse {unknown}
 m - a scroll of magic mapping {unknown}
 o - a scroll of recharging {unknown}
Books
 b - a book of Air

   Spells                             Type                      Level
   a - Shock                          Conjuration/Air              1
   b - Swiftness                      Charms/Air                   2
   c - Repel Missiles                 Charms/Air                   2
   d - Static Discharge               Conjuration/Air              3
   e - Lightning Bolt                 Conjuration/Air              5
Comestibles
 c - 4 bread rations


   Skills:
 + Level 1.7 Fighting
 - Level 2.1 Dodging
 - Level 2.0 Stealth
 + Level 2.8 Spellcasting
 + Level 2.5 Conjurations
 + Level 4.6 Air Magic


You had 7 spell levels left.
You knew the following spells:

 Your Spells              Type           Power        Failure   Level  Hunger
a - Shock                 Conj/Air       ##..         6%          1    #......


Dungeon Overview and Level Annotations

Branches:
Dungeon (3/15)

Altars:
Okawaru
Qazlal
Trog


Innate Abilities, Weirdness & Mutations

You have a beak for a mouth.
You have claws for feet.


Message History

Press: ? - help, Shift-Dir - straight line, f/p - centaur zombie
Aim: a centaur zombie The zap hits the centaur zombie.
The centaur zombie barely misses you. The centaur zombie hits you.
* * * LOW HITPOINT WARNING * * *
Unknown command.
The centaur zombie barely misses you.
There is a stone staircase leading up here.
The centaur zombie hits you but does no damage.
Found a stone staircase leading down.
The centaur zombie barely misses you. The centaur zombie hits you.
* * * LOW HITPOINT WARNING * * *
Drink which item? (? for menu, Esc to quit)
It was a potion of poison.
That liquid tasted very nasty...
You are lethally poisoned!
* * * LOW HITPOINT WARNING * * *
You feel sick. The centaur zombie hits you.
You die...

#.###...####......##.....
#. ##........###.#......
#.####..#####.###.#.#....
...>..>.# #.##.........
..###...## #.##..#.#....
.#......# #.##.........
.........# #.##.#..#..#.
.#####..Z# #)##.#.......
#..@# #.##.#.###.## #...#
#.......<..#
#...........#.#####
#..##########.# ...
.........# ####
########.## #..## ##..##
##..##


You could see a centaur zombie.

Vanquished Creatures
  3 adders (D:2)
  3 worms (D:2)
  3 giant geckos
  A giant cockroach (D:1)
  4 goblins
  6 hobgoblins
  5 bats
  2 giant newts
  8 kobolds
  3 rats
38 creatures vanquished.

Notes
Turn   | Place    | Note
--------------------------------------------------------------
     0 | D:1      | Eucla the Tengu Air Elementalist began the quest for the Orb.
     0 | D:1      | Reached XP level 1. HP: 10/10 MP: 4/4
   207 | D:1      | Reached XP level 2. HP: 16/16 MP: 1/6
   364 | D:1      | Found an iron altar of Okawaru.
   385 | D:1      | Became a worshipper of Warmaster Okawaru
   573 | D:1      | Reached skill level 1 in Fighting
   830 | D:1      | Reached XP level 3. HP: 17/20 MP: 0/7
  1351 | D:2      | Found a bloodstained altar of Trog.
  1382 | D:2      | Found a stormy altar of Qazlal.
  1434 | D:2      | Reached XP level 4. HP: 24/26 MP: 2/9
  1922 | D:3      | HP: 1/26 [poison (a potion of poison)]
  1922 | D:3      | Slain by a centaur zombie

Action                   |  1- 3 |  4- 6 || total
-------------------------+-------+-------++-------
Melee: Falchion          |    11 |       ||    11
 Cast: Shock             |    74 |    24 ||    98
  Use: Potion            |       |     1 ||     1
  Eat: Chunk             |     2 |     1 ||     3
